 Dungeon Crawl Stone Soup version 0.23.2 (webtiles) character file.

Game seed: 12215398439259207186

340 Revguard the Chopper (level 6, -1/46 HPs)
             Began as a Demonspawn Gladiator on Apr 1, 2019.
             Slain by an ogre
             ... wielding a +0 giant club
              (4 damage)
             ... on level 4 of the Dungeon.
             The game lasted 00:12:06 (2713 turns).

Revguard the Chopper (Demonspawn Gladiator)         Turns: 2713, Time: 00:12:07

Health: -1/46      AC: 16    Str: 14      XL:     6   Next: 30%
Magic:  6/6        EV: 12    Int: 10      God:
Gold:   270        SH:  0    Dex: 15 (16) Spells: 5/5 levels left

rFire    . . .     SeeInvis .   a - +0 war axe
rCold    . . .     Gourm    .   (no shield)
rNeg     . . .     Faith    .   p - +0 ring mail
rPois    +         Spirit   .   c - +0 helmet
rElec    .         Reflect  .   (no cloak)
rCorr    .         Harm     .   l - +0 pair of gloves
MR       .....                  (no boots)
Stlth    +.........             (no amulet)
HPRegen  0.15/turn              i - ring of poison resistance
MPRegen  0.10/turn              (no ring)

@: sanguine armour
A: powered by death 1, sanguine armour 2
a: no special abilities


You were on level 4 of the Dungeon.
You were hungry.

You visited 1 branch of the dungeon, and saw 4 of its levels.

You collected 270 gold pieces.

Inventory:

Hand Weapons
 a - a +0 war axe (weapon)
Missiles
 d - 3 throwing nets (quivered)
Armour
 b - a +0 leather armour
 c - a +0 helmet (worn)
 l - a +0 pair of gloves (worn)
 p - a +0 ring mail (worn)
Jewellery
 i - a ring of poison resistance (left hand)
Scrolls
 e - 5 scrolls of identify {unknown}
 g - a scroll of noise {unknown}
 j - 3 scrolls of teleportation {unknown}
 k - 4 scrolls of remove curse {unknown}
 n - 2 scrolls of random uselessness {unknown}
 o - a scroll of enchant armour {unknown}
 q - a scroll of blinking {unknown}
 r - a scroll of immolation {unknown}
Potions
 h - a potion of brilliance
 m - a potion of resistance
Comestibles
 f - 7 rations


   Skills:
 + Level 2.7 Fighting
 + Level 5.0 Axes
 - Level 1.7 Throwing
 * Level 2.7 Armour
 + Level 3.4 Dodging


You had 5 spell levels left.
You didn't know any spells.
Your spell library was empty.

Dungeon Overview and Level Annotations

Branches:
Dungeon (4/15)
 Temple: D:4-7

Altars:
Dithmenos


Innate Abilities, Weirdness & Mutations

You regenerate a little health from kills.
When seriously injured, your bleeding wounds create thick armour. (AC +9)


Message History

You slash the giant cockroach!
You kill the giant cockroach!
You barely miss the bullfrog.
The bullfrog hits you but does no damage.
The bullfrog misses you. The ogre barely misses you.
You hit the ogre.
The ogre is moderately wounded.
You hit the bullfrog.
The bullfrog hits you but does no damage.
The bullfrog barely misses you. The ogre barely misses you.
You closely miss the ogre.
The ogre is moderately wounded.
You hit the bullfrog but do no damage. The bullfrog closely misses you. x2
The ogre hits you with a +0 giant club!
* * * LOW HITPOINT WARNING * * *
You hit the ogre.
The ogre is heavily wounded.
You completely miss the bullfrog. The bullfrog closely misses you.
The ogre hits you with a +0 giant club.
You die...

#### #..##..
##..###......
##.....#......
##..........#
##...........#
#.......##...##
##.<..##......##
###.###.......#
### ##....@###
###.OF†.#
###..#.....
......#..
.........
..(.#......
###.........
##........
.........


You could see an ogre and a bullfrog.

Vanquished Creatures
  A scorpion (D:2)
  Terence (D:3)
  Natasha (twice) (D:2)
  3 orc wizards (D:3)
  A worker ant (D:3)
  A gnoll (D:1)
  2 adders
  2 oozes
  2 dart slugs
  A leopard gecko (D:2)
  6 orcs (D:3)
  3 bats
  9 giant cockroaches
  17 goblins
  8 hobgoblins
  A ball python (D:4)
  2 frilled lizards
  4 kobolds (D:1)
  2 rats
68 creatures vanquished.

Vanquished Creatures (others)
  An orc wizard (D:3)
1 creature vanquished.

Grand Total: 69 creatures vanquished

Notes
Turn   | Place    | Note
-------+----------+-------------------------------------------
     0 | D:1      | Revguard the Demonspawn Gladiator began the quest for the
                  | Orb.
     0 | D:1      | Reached XP level 1. HP: 16/16 MP: 1/1
   118 | D:1      | Gained mutation: When seriously injured, your bleeding
                  | wounds create armour. (AC +9) [demonic ancestry]
   118 | D:1      | Reached XP level 2. HP: 14/22 MP: 2/2
   210 | D:1      | Reached skill level 3 in Axes
   439 | D:1      | Reached XP level 3. HP: 27/27 MP: 3/3
   543 | D:1      | Reached skill level 1 in Armour
  1024 | D:2      | Noticed Natasha
  1031 | D:2      | Killed Natasha
  1031 | D:2      | Reached XP level 4. HP: 21/33 MP: 4/4
  1151 | D:2      | Reached skill level 4 in Axes
  1151 | D:2      | Gained mutation: You regenerate a little health from kills.
                  | [demonic ancestry]
  1151 | D:2      | Reached XP level 5. HP: 25/39 MP: 5/5
  1254 | D:2      | Noticed Natasha
  1265 | D:2      | Killed Natasha
  1870 | D:3      | Noticed Terence
  1881 | D:3      | Killed Terence
  1955 | D:3      | Found a shadowy altar of Dithmenos.
  2265 | D:3      | Gained mutation: When seriously injured, your bleeding
                  | wounds create thick armour. (AC +9) [demonic ancestry]
  2265 | D:3      | Reached XP level 6. HP: 46/46 MP: 6/6
  2442 | D:3      | Reached skill level 5 in Axes
  2713 | D:4      | Slain by an ogre

Skill      XL: |  1  2  3  4  5  6 |
---------------+-------------------+-----
Axes           | 3 4 5 |  5.0
Dodging        | 3 |  3.4
Armour         | 1 2 |  2.7
Fighting       | |  2.7
Throwing       | |  1.7

Action                   |  1- 3 |  4- 6 || total
-------------------------+-------+-------++-------
Melee: War axe           |    72 |   133 ||   205
  Use: Potion            |     1 |     5 ||     6
 Stab: Sleeping          |       |     1 ||     1
  Eat: Chunk             |       |     2 ||     2
       Ration            |       |     1 ||     1
Armor: Leather armour    |    25 |    28 ||    53
       Ring mail         |       |    30 ||    30
Dodge: Dodged            |    63 |   117 ||   180
